Map: Triton LE

Players

Probe

  • Race: Protoss Protoss
  • Spawn Location: 5:00

Namshar - Winner!

  • Race: Zerg Zerg
  • Spawn Location: 11:00

VOD

Have the link to the VOD?

Description

Time

  • Played on: Sept. 6, 2019, 1:55 p.m.
  • Length: 13:15
Show
View Real Time Build Order
Export as new Build Order

Probe Protoss 

Build Orders: 1 Gate Expand, Archon Immortal 

Get SALT Encoding   

  12  0:00  Probe  
  13  0:12  Probe  
  14  0:20  Pylon  
  14  0:24  Probe  
  15  0:34  Probe  
  15  0:42  Probe  
  16  0:44  Gateway  
  16  0:49  Assimilator  
  17  0:52  Probe  
  18  1:04  Probe  
  19  1:16  Probe  
  20  1:25  Nexus  
  20  1:36  Cybernetics Core  
  20  1:37  Probe  
  21  1:45  Assimilator  
  21  1:50  Probe  
  22  2:03  Probe  
  23  2:09  Pylon  
  23  2:17  Adept  
  23  2:20  Warp Gate  
  23  2:26  Probe  
  26  2:30  Robotics Facility  
  26  2:33  Probe  
  26  2:34  Probe  
  26  2:41  Probe  
  26  2:42  Probe  
  28  2:47  Stalker  
  32  2:51  Probe  
  32  2:53  Probe  
  34  3:04  Probe  
  35  3:06  Warp Prism, Probe  
  36  3:16  Probe  
  36  3:18  Probe  
  40  3:22  Gateway  
  40  3:28  Probe  
  40  3:30  Probe  
  40  3:33  Pylon  
  42  3:37  Observer  
  42  3:40  Probe  
  42  3:41  Sentry  
  44  3:42  Probe  
  46  3:52  Probe  
  46  3:54  Pylon, Probe  
  48  4:01  Immortal  
  48  4:04  Probe  
  48  4:06  Probe  
  54  4:11  Forge  
  54  4:16  Probe  
  55  4:17  Stalker x2  
  55  4:18  Probe  
  55  4:22  Assimilator  
  55  4:23  Assimilator  
  60  4:28  Probe  
  60  4:30  Probe  
  62  4:31  Pylon  
  62  4:32  Pylon  
  62  4:42  Protoss Ground Weapons Level 1  
  62  4:44  Immortal  
  66  4:54  Pylon  
  66  4:56  Probe x2  
  68  5:07  Gateway  
  68  5:09  Gateway  
  68  5:11  Gateway  
  68  5:12  Immortal  
  68  5:14  Sentry x2  
  72  5:23  Gateway  
  75  5:41  Pylon, Sentry  
  75  5:42  Twilight Council  
  77  5:43  Sentry  
  77  5:45  Immortal  
  77  5:48  Pylon  
  83  6:13  Pylon, Nexus  
  83  6:17  Immortal  
  82  6:20  Charge  
  82  6:24  Gateway  
  82  6:25  Stalker  
  88  6:27  Gateway  
  88  6:28  Zealot x2  
  88  6:32  Probe x2  
  94  6:36  Protoss Ground Weapons Level 2  
  94  6:43  Templar Archives  
  94  6:44  Probe x2  
  96  6:53  Immortal  
  96  6:56  Probe x2  
  98  7:08  Probe x2  
  103  7:12  Pylon x2  
  104  7:19  High Templar x2  
  104  7:20  Zealot  
  110  7:24  Pylon x2  
  110  7:25  Archon  
  110  7:42  Zealot x6  
  122  7:48  Pylon  
  122  7:52  Probe  
  122  7:54  Photon Cannon, Psionic Storm  
  123  8:03  Probe x2  
  123  8:05  Probe  
  124  8:13  Pylon  
  124  8:14  Zealot  
  124  8:16  Shield Battery x2  
  124  8:17  Immortal  
  124  8:18  Sentry  
  132  8:20  Shield Battery  
  132  8:22  Probe x2  
  132  8:25  Probe  
  132  8:27  Assimilator x2  
  135  8:34  Probe  
  135  8:35  Probe  
  135  8:38  Probe  
  138  8:42  High Templar x3  
  140  8:49  High Templar  
  140  8:53  Zealot x4  
  148  9:01  Photon Cannon  
  146  9:02  Photon Cannon  
  146  9:14  Zealot x2  
  146  9:15  Zealot x5  
  134  9:23  Probe  
  107  9:24  Archon  
  107  9:26  Zealot  
  107  9:29  Immortal  
  78  9:35  Zealot x4  
  78  9:36  Zealot  
  78  9:37  Probe  
  84  9:50  Probe  
  83  9:54  High Templar x3  
  83  9:58  High Templar, Adept  
  83  9:59  Zealot x2  
  95  10:00  Probe x2  
  97  10:10  High Templar  
  97  10:11  Probe  
  100  10:14  Assimilator  
  100  10:19  Immortal  
  100  10:24  Zealot, High Templar  
  100  10:25  Zealot  
  100  10:26  Pylon, Probe  
  100  10:28  Pylon, Archon  
  105  10:31  Probe x2  
  111  10:42  Zealot x4  
  117  10:45  Zealot  
  108  10:50  Zealot  
  108  11:00  Zealot  
  108  11:01  High Templar  
  110  11:05  High Templar x3  
  116  11:14  Probe x2  
  116  11:16  Adept  
  120  11:20  Archon  
  120  11:31  Immortal  
  122  11:34  Zealot x4  
  122  11:37  Zealot x3  
  136  11:44  Zealot  
  138  11:52  Probe x3  
  129  12:08  Nexus  
  129  12:18  High Templar  
  129  12:19  High Templar x3  
  127  12:24  Archon x2  
  127  12:25  High Templar x2  
  127  12:26  Zealot x2  
  127  12:29  Archon  
  119  12:51  Stalker x5  
  123  13:02  Stalker  
  123  13:03  Stalker x2  
Show
View Real Time Build Order
Export as new Build Order

Namshar Zerg - Winner!

Build Orders: Hatch First 

Get SALT Encoding   

  12  0:00  Drone  
  13  0:12  Overlord  
  13  0:17  Drone  
  14  0:30  Drone x2  
  16  0:49  Hatchery  
  15  0:51  Drone  
  15  0:54  Drone  
  17  0:57  Drone  
  18  1:11  Extractor  
  17  1:13  Spawning Pool  
  16  1:19  Drone  
  16  1:20  Drone  
  18  1:28  Drone  
  19  1:39  Drone  
  20  1:50  Overlord  
  20  2:00  Queen x2  
  24  2:01  Zergling x4  
  26  2:10  Drone  
  26  2:11  Drone  
  28  2:21  Drone  
  28  2:22  Drone  
  30  2:28  Hatchery  
  29  2:33  Drone x2  
  31  2:42  Metabolic Boost  
  31  2:43  Drone  
  32  2:45  Overlord  
  32  2:55  Zergling x2  
  32  2:56  Drone  
  32  2:57  Queen  
  36  3:04  Overlord  
  36  3:06  Drone  
  36  3:12  Drone  
  37  3:13  Drone x2  
  37  3:16  Drone  
  40  3:23  Drone  
  41  3:27  Drone  
  41  3:33  Queen  
  44  3:36  Roach Warren  
  44  3:37  Drone x2  
  44  3:40  Drone  
  46  3:44  Drone  
  47  3:49  Extractor  
  47  3:50  Extractor  
  47  3:54  Drone  
  47  3:55  Drone x4  
  50  3:57  Lair  
  50  3:58  Overlord  
  50  4:02  Drone x3  
  53  4:07  Overlord  
  53  4:08  Zergling x4  
  54  4:19  Drone x2  
  54  4:20  Drone  
  54  4:22  Overlord  
  54  4:23  Overlord  
  57  4:24  Roach x2  
  57  4:29  Overlord  
  57  4:30  Roach  
  63  4:34  Zergling x4  
  63  4:38  Roach x2  
  69  4:44  Zergling x2  
  69  4:45  Zergling x4  
  72  4:52  Zergling x4  
  72  4:53  Zergling x6  
  72  4:54  Drone  
  72  4:55  Drone x3  
  72  4:57  Overseer  
  72  4:58  Glial Reconstitution  
  79  5:01  Overseer  
  79  5:07  Drone x2  
  79  5:08  Overlord x2  
  79  5:12  Evolution Chamber  
  79  5:14  Queen  
  83  5:28  Drone  
  83  5:31  Drone  
  83  5:33  Drone x3, Extractor  
  83  5:35  Drone, Roach  
  89  5:36  Roach x6  
  101  5:43  Overlord x2  
  101  5:47  Roach x2  
  105  5:54  Ravager x2  
  107  5:58  Overlord  
  107  5:59  Overlord x3  
  107  6:08  Extractor  
  107  6:10  Ravager  
  107  6:11  Ravager x2  
  109  6:14  Drone x7  
  116  6:19  Ravager  
  116  6:21  Roach x3  
  116  6:22  Hatchery  
  122  6:28  Zerg Missile Weapons Level 1, Drone  
  122  6:29  Drone  
  124  6:35  Extractor  
  124  6:39  Drone x2  
  126  6:40  Drone  
  126  6:41  Drone  
  126  6:42  Roach x6  
  126  6:46  Overlord  
  126  6:47  Overlord  
  139  6:53  Infestation Pit, Drone  
  139  6:56  Baneling Nest  
  139  7:00  Overlord x2  
  137  7:04  Drone  
  137  7:05  Pneumatized Carapace  
  137  7:08  Zergling x14  
  139  7:12  Ravager x3  
  139  7:13  Roach  
  139  7:14  Roach x2  
  154  7:22  Roach x5  
  164  7:28  Overlord x2  
  164  7:36  Roach x6  
  176  7:40  Ravager  
  176  7:41  Ravager  
  177  7:46  Centrifical Hooks  
  177  7:47  Zergling x2  
  177  7:48  Zergling x12  
  184  7:54  Queen  
  184  7:58  Baneling x8  
  186  8:02  Baneling x2  
  186  8:13  Zergling x24  
  198  8:22  Zerg Melee Weapons Level 1  
  198  8:36  Hive  
  198  8:37  Spire  
  198  8:39  Drone x4, Extractor  
  200  8:41  Extractor  
  200  8:46  Drone x3, Spine Crawler  
  200  8:47  Baneling, Spine Crawler x2  
  200  8:48  Baneling x11  
  198  8:49  Baneling  
  196  9:00  Baneling x3  
  196  9:01  Baneling x4  
  195  9:06  Baneling x3  
  195  9:08  Zergling x2  
  195  9:09  Zergling x6, Roach  
  199  9:13  Zergling x2, Roach  
  199  9:14  Zergling x18  
  199  9:16  Zergling x2, Roach  
  188  9:19  Roach  
  162  9:29  Zergling x16, Roach  
  164  9:34  Roach  
  164  9:35  Roach x2  
  156  9:40  Roach x3  
  151  9:46  Drone x3  
  150  9:56  Roach x3  
  152  10:01  Greater Spire  
  152  10:04  Drone x3  
  152  10:05  Drone x5  
  160  10:17  Baneling x8  
  160  10:18  Baneling x2  
  160  10:24  Queen  
  160  10:26  Drone  
  161  10:35  Hatchery  
  158  10:49  Zergling x2  
  156  10:50  Zergling x22, Roach  
  156  10:53  Hatchery  
  162  10:57  Corruptor x2  
  162  10:58  Corruptor x5  
  173  11:11  Corruptor  
  175  11:18  Hatchery, Zerg Flyer Weapons Level 1  
  175  11:19  Drone  
  175  11:20  Drone  
  175  11:21  Evolution Chamber  
  176  11:25  Ravager  
  176  11:26  Ravager  
  177  11:33  Brood Lord x3  
  177  11:34  Brood Lord x3  
  189  11:41  Adrenal Glands  
  189  11:52  Ravager x2  
  187  11:55  Ravager  
  187  11:56  Zergling x18  
  185  12:02  Zergling x30  
  193  12:30  Hatchery  
  178  12:37  Baneling  
  178  12:38  Baneling x10  
  178  12:39  Baneling x6  
  178  12:42  Zergling x20  
  186  12:46  Baneling x6  
  186  12:48  Zergling x10  
  186  12:50  Extractor  
  190  12:52  Spine Crawler  
  190  12:55  Extractor  
Tags
 
Add a new tag
Caveats
  • Supply blocks, unpowered buildings, or Contaminate may cause inaccurate times.
  • Supply counts are checked every 10 seconds.